 Dungeon Crawl Stone Soup version 0.30-a0-739-gea05faddec (webtiles) character file.

Game seed: 15332599324744657004

813 timneilson the Covered (level 7, -10/44 HPs)
             Began as a Gargoyle Fighter on Feb 5, 2023.
             Mangled by an ice beast (13 damage)
             ... on level 5 of the Dungeon.
             The game lasted 00:08:02 (3919 turns).

timneilson the Covered (Gargoyle Fighter)           Turns: 3919, Time: 00:08:03

Health: -10/44     AC: 13    Str: 20    XL:     7   Next: 93%
Magic:  7/7        EV: 10    Int:  8    God:
Gold:   242        SH:  6    Dex: 11    Spells: 6/6 levels left

rFire   . . .      SeeInvis .    a - +0 long sword (freeze)
rCold   . . .      Faith    .    c - +1 buckler
rNeg    + . .      Spirit   .    b - +0 scale mail
rPois   ∞          Reflect  .    (no helmet)
rElec   +          Harm     .    (no cloak)
rCorr   .          Rampage  .    (no gloves)
Will    .....                    m - +0 pair of boots Stlth
                                 (no amulet)
HPRegen 0.27/turn                (no ring)
MPRegen 0.10/turn                (no ring)

@: no status effects
A: sickness immunity, AC +4, negative energy resistance 1, electricity
resistance, torment resistance 1, petrification resistance
a: no special abilities


You were on level 5 of the Dungeon.
You visited 1 branch of the dungeon, and saw 5 of its levels.

You collected 242 gold pieces.

Inventory:

Hand Weapons
 a - a +0 long sword of freezing (weapon)
Missiles
 q - a throwing net (quivered)
Armour
 b - a +0 scale mail (worn)
 c - a +1 buckler (worn)
 m - a +0 pair of boots (worn)
Scrolls
 j - 2 scrolls of teleportation
 k - 2 scrolls of fog
Potions
 e - 2 potions of heal wounds
 g - a potion of flight
 h - a potion of ambrosia
 i - a potion of cancellation
 l - a potion of curing {unknown}
 p - a potion of invisibility {unknown}


   Skills:
 + Level 4.5 Fighting
 * Level 4.3 Long Blades
 * Level 5.7 Armour
 + Level 2.1 Dodging
 * Level 5.7 Shields


You had 6 spell levels left.
You didn't know any spells.
Your spell library was empty.

Dungeon Overview and Level Annotations

Branches:
Dungeon (5/15)
 Temple: D:4-7

Altars:
Zin

Shops:
D:2 *(

Annotations:
D:2 1 runed translucent door, Crazy Yiuf


Innate Abilities, Weirdness & Mutations

You are immune to sickness and miasma.
Your stone body is resilient. (AC +4)
You are immune to poison.
You resist negative energy. (rN+)
You are resistant to electric shocks. (rElec)
You are resistant to unholy torment.
You are immune to petrification.


Message History

You closely miss the ice beast.
The ice beast is lightly wounded.
The ice beast hits you but does no damage.
You barely miss the ice beast.
The ice beast is lightly wounded.
The ice beast barely misses you.
The ice beast hits you but does no damage.
You slash the ice beast!
The ice beast is heavily wounded.
The ice beast closely misses you.
You barely miss the ice beast.
The ice beast is heavily wounded.
The ice beast hits you. The ice beast freezes you!
You closely miss the ice beast.
The ice beast is heavily wounded.
The ice beast hits you but does no damage.
You barely miss the ice beast.
The ice beast is heavily wounded.
The ice beast hits you but does no damage.
You block the ice beast's attack.
You hit the ice beast.
The ice beast is heavily wounded.
The ice beast hits you but does no damage.
You hit the ice beast but do no damage.
The ice beast is heavily wounded.
The ice beast hits you. The ice beast freezes you!
You barely miss the ice beast.
The ice beast is heavily wounded.
The ice beast hits you. The ice beast freezes you!
* * * LOW HITPOINT WARNING * * *
You hit the ice beast but do no damage.
The ice beast is heavily wounded.
The ice beast barely misses you.
The ice beast hits you but does no damage.
You barely miss the ice beast.
The ice beast is heavily wounded.
The ice beast hits you.
* * * LOW HITPOINT WARNING * * *
The ice beast freezes you!
You die...

###.####'#.### #
##'#+#.# #......#
#.....)####
#.........#
#.........#
#.........#
####.######......#
#.....Y@...[.....#
#....######......#
#.. ######## #


You could see an ice beast.

Vanquished Creatures
  Menkaure (D:4)
  2 ice beasts
  A phantom (D:4)
  A necrophage (D:4)
  A scorpion (D:4)
  2 orc priests (D:4)
  2 hounds
  An iguana (D:4)
  6 gnolls
  3 adders
  A worm (D:3)
  6 dart slugs
  4 orcs (D:4)
  8 ball pythons
  8 endoplasms
  5 giant cockroaches
  3 hobgoblins
  6 jackals
  6 kobolds
  4 quokkas
  7 bats
  7 frilled lizards
  2 goblins
  2 rats
89 creatures vanquished.

Vanquished Creatures (others)
  A rat (D:1)
  5 plants (D:3)
6 creatures vanquished.

Grand Total: 95 creatures vanquished

Notes
Turn   | Place    | Note
-------+----------+-------------------------------------------
     0 | D:1      | timneilson the Gargoyle Fighter began the quest for the
                  | Orb.
     0 | D:1      | Reached XP level 1. HP: 14/14 MP: 1/1
   374 | D:1      | Reached XP level 2. HP: 15/19 MP: 2/2
  1191 | D:2      | Reached XP level 3. HP: 23/23 MP: 3/3
  1356 | D:2      | Found Leuh's Assorted Antiques.
  1452 | D:2      | Found a runed translucent door.
  1453 | D:2      | Noticed Crazy Yiuf
  1582 | D:2      | Found Xufiota's Antique Weapon Shop.
  2035 | D:3      | Reached XP level 4. HP: 28/28 MP: 4/4
  2122 | D:3      | Found a glowing silver altar of Zin.
  2362 | D:3      | Reached skill level 1 in Dodging
  2780 | D:4      | Reached XP level 5. HP: 30/33 MP: 5/5
  2809 | D:4      | Reached XP level 6. HP: 30/38 MP: 6/6
  2916 | D:4      | Noticed Menkaure
  2927 | D:4      | Killed Menkaure
  3042 | D:4      | Reached skill level 5 in Armour
  3195 | D:4      | Noticed an ice beast
  3224 | D:4      | Killed an ice beast
  3225 | D:4      | Reached skill level 5 in Shields
  3225 | D:4      | Reached XP level 7. HP: 39/43 MP: 7/7
  3718 | D:5      | Entered Level 5 of the Dungeon
  3919 | D:5      | Mangled by an ice beast

Illustrated notes

Levels and vault maps discovered:
D:1:      dpeg_arrival_windows_large_door, layout_basic
D:2:      layout_loops_ring, serial_shops, shop_statue, nicolae_shop_stone,
          st_stairs_4, uniq_crazy_yiuf_cottage
D:3:      layout_rooms, mainiacjoe_overflow_surrounded_room,
          nicolae_grassy_gnolls
D:4:      layout_basic, hangedman_minor_gate_pass, uniq_menkaure
D:5:      layout_basic, elyvilon_altar_5, fedhas_bush_and_centaur_altar,
          minmay_temple_entry_enclosed_plants, uniq_eustachio, uniq_grinder

Skill      XL: |  1  2  3  4  5  6  7 |
---------------+----------------------+-----
Long Blades    | 2 3 4 |  4.3
Armour         | 4 5 |  5.7
Shields        | 4 5 |  5.7
Dodging        | 1 2 |  2.1
Fighting       | 4 |  4.5

Action                     |  1- 3 |  4- 6 |  7- 9 || total
---------------------------+-------+-------+-------++-------
  Melee: Long sword        |   147 |   142 |   113 ||   402
    Use: Scroll            |     7 |     6 |     4 ||    17
         Potion            |       |     2 |     1 ||     3
 Armour: Scale mail        |    90 |    78 |    73 ||   241
  Dodge: Dodged            |    68 |    64 |    69 ||   201
  Block: Buckler           |    35 |    35 |    42 ||   112

Table legend: (Time is in decaauts)
 A = Elapsed time spent in this place.
 B = Non-inter-level travel time spent in this place.
 C = Inter-level travel time spent in this place.
 D = Time resting spent in this place.
 E = Time spent auto-exploring this place.
 F = Levels seen in this place.
 G = Mean time per level.
                   A        B        C        D        E       F      G
               +--------+--------+--------+--------+--------+-----+--------+
         Total |   4038 |   3911 |    127 |     78 |   2836 |   5 |  807.6 |
       Dungeon |   4038 |   3911 |    127 |     78 |   2836 |   5 |  807.6 |
               +--------+--------+--------+--------+--------+-----+--------+

Top non-repeatable levels by time:
     D:1: 1202 daAuts
     D:4: 1117 daAuts
     D:3: 834 daAuts
     D:2: 771 daAuts
     D:5: 111 daAuts
